 Dungeon Crawl Stone Soup version 0.32-a0-886-g41c5271027 (webtiles) character file.

Game seed: 18258379489987154439

122 Autsider the Magician (level 5, -7/45 HPs)
             Began as an Oni Hedge Wizard on Apr 2, 2024.
             Asphyxiated
             ... on level 3 of the Dungeon.
             The game lasted 00:10:47 (3728 turns).

Autsider the Magician (Oni Hedge Wizard)            Turns: 3728, Time: 00:10:48

Health: -7/45      AC:  1    Str: 14    XL:     5   Next: 6%
Magic:  3/11       EV:  8    Int: 17    God:
Gold:   120        SH:  0    Dex:  8    Spells: 4/12 levels left

rFire   . . .        i - +0 club
rCold   . . .        (no shield)
rNeg    . . .        (body armour restricted)
rPois   .            c - +0 hat
rElec   .            (no cloak)
rCorr   .            (gloves unavailable)
SInv    .            (boots unavailable)
Will    +....        (no amulet)
Stlth   +            (no ring)
HPRegen 0.27/turn    (no ring)
MPRegen 0.12/turn

%: no passive effects
@: lethally poisoned (-7 -> -13), enlightened, flying, hasted and slowed
A: large, unfitting armour, horns 1, tough skin 1, double potion healing,
drunken brawling
a: no special abilities


You were on level 3 of the Dungeon.
You visited 1 branch of the dungeon, and saw 3 of its levels.

You collected 120 gold pieces.

Inventory:

Hand Weapons
 i - a +0 club (weapon)
Armour
 c - a +0 hat (worn)
Scrolls
 a - 3 scrolls of identify
 m - a scroll of vulnerability
Potions
 d - a potion of magic
 f - a potion of ambrosia {unknown}
 g - 2 potions of brilliance
 h - a potion of haste
 k - a potion of enlightenment
 o - a potion of curing {unknown}


   Skills:
 - Level 1.7 Dodging
 - Level 1.4 Stealth
 - Level 4.0 Spellcasting
 * Level 3.3 Conjurations
 + Level 2.3 Summonings
 - Level 0.8 Translocations


You had 4 spell levels left.
You knew the following spells:

 Your Spells              Type           Power      Damage    Failure   Level
a - Magic Dart            Conj           56%        1d5       4%          1
w - Mephitic Cloud        Conj/Alch/Air  7%         N/A       30%         3
z - Blink                 Tloc           12%        N/A       17%         2
A - Call Imp              Summ           22%        N/A       10%         2

Your spell library contained the following spells:

 Spells                   Type           Power      Damage    Failure   Level
 Slow                     Hex            12%        N/A       16%         1
 Cigotuvi's Dreadful Rot  Necr/Alch/Air  6%         N/A       24%         2
 Chain Lightning          Conj/Air       4%         3d6       100%        9
 Fire Storm               Conj/Fire      4%         8d1       100%        9
 Shatter                  Erth           1%         3d6*      100%        9


Dungeon Overview and Level Annotations

Branches:
Dungeon (3/15)

Altars:

Annotations:
D:1 exclusion: downstairs


Innate Abilities, Weirdness & Mutations

You are too large for most types of armour.
You have a pair of small horns on your head.
You have tough skin. (AC +1)
You gain doubled healing and magic from potions.
Whenever you drink a healing potion, you attack all around you.


Message History

Confirm with . or Enter, or press ? or * to list all spells.
A tiny devil pulls itself out of the air.
* * * LOW HITPOINT WARNING * * *
You feel very sick.
* * * LOW HITPOINT WARNING * * *
You feel very sick.
Your cerulean imp hits the kobold brigand with a -3 spear.
The kobold brigand barely misses your cerulean imp.
It was a potion of haste.
You feel yourself speed up.
* * * LOW HITPOINT WARNING * * *
You feel very sick.
Your cerulean imp hits the kobold brigand with a -3 spear.
The kobold brigand hits your cerulean imp with a +0 club.
Your cerulean imp barely misses the kobold brigand.
Okay, then.
It was a potion of enlightenment.
You feel very buoyant.
You fly up into the air.
You feel sick.
The kobold brigand hits your cerulean imp with a +0 club.
Your cerulean imp closely misses the kobold brigand.
You feel sick.
The kobold brigand hits your cerulean imp with a +0 club!
Your cerulean imp barely misses the kobold brigand.
You feel sick.
Your cerulean imp barely misses the kobold brigand.
You feel sick.
Your cerulean imp misses the kobold brigand.
You feel sick.
Your cerulean imp closely misses the kobold brigand.
Things that are here:
a +0 club; a kobold corpse You feel sick.
You are no longer poisoned.
Things that are here:
a +0 club; a kobold corpse The kobold brigand throws a curare-tipped dart.
The curare-tipped dart hits you.
You are lethally poisoned!
You have difficulty breathing.
You die...

####.........##..##.
#.........##..#
#.#####...###>..
###.# ##### ####
#...# # #.### ~ ##.#
####### ~
#..###.....### ≈
#..@)).K†5).)######≈
#.....#####.......##
#######≈≈≈###.......
~~≈≈~~~######..
#~~~~~~~~ ###
###~~~#### #####


You could see a kobold brigand (ally target) and a friendly cerulean imp
(summoned).

Vanquished Creatures
  Robin (D:2)
  An adder skeleton (D:2)
  A ribbon worm (D:2)
  3 dart slugs
  3 orcs (D:2)
  A ball python (D:1)
  An endoplasm (D:2)
  2 giant cockroaches
  10 goblins
  4 hobgoblins
  A jackal (D:2)
  3 quokkas (D:1)
  2 ball python skeletons (D:2)
  5 bats
  5 frilled lizards
  13 kobolds
  3 rats
59 creatures vanquished.

Vanquished Creatures (collateral kills)
  A hound zombie (D:2)
  A ribbon worm (D:2)
  A ball python (D:2)
  3 goblins (D:2)
  2 hobgoblins
  6 jackals
  2 kobolds
  A ball python zombie (D:2)
17 creatures vanquished.

Grand Total: 76 creatures vanquished

Notes
Turn   | Place    | Note
-------+----------+-------------------------------------------
     0 | D:1      | Autsider the Oni Hedge Wizard began the quest for the Orb.
     0 | D:1      | Reached XP level 1. HP: 16/16 MP: 5/5
   188 | D:1      | Reached skill level 1 in Conjurations
   188 | D:1      | Reached skill level 1 in Summonings
   397 | D:1      | Reached XP level 2. HP: 24/24 MP: 2/6
   400 | D:1      | Learned a level 2 spell: Call Imp
   403 | D:1      | Learned a level 2 spell: Blink
   640 | D:1      | Found a faded altar of an unknown god.
  1062 | D:1      | Reached XP level 3. HP: 31/31 MP: 6/8
  1066 | D:1      | Learned a level 3 spell: Mephitic Cloud
  1511 | D:2      | Reached skill level 4 in Spellcasting
  2044 | D:2      | Reached XP level 4. HP: 39/39 MP: 5/10
  2048 | D:2      | Noticed Robin
  2086 | D:2      | Killed Robin
  3560 | D:3      | Reached XP level 5. HP: 45/45 MP: 3/11
  3701 | D:3      | Noticed a kobold brigand
  3707 | D:3      | Noticed a kobold brigand
  3728 | D:3      | Asphyxiated

Illustrated notes

Levels and vault maps discovered:
D:1:      minmay_arrival_four_houses, layout_loops_ring,
          shapermc_ecumenical_altar_mp_ritualfount,
          amcnicky_mini_rare_corridor_liquid
D:2:      layout_loops_corners, serial_undead, serial_undead_a, serial_undead_a,
          serial_undead_a, serial_undead_a, uniq_robin
D:3:      cheibrodos_thug_alley, layout_basic

Skill      XL: |  1  2  3  4 |
---------------+-------------+-----
Conjurations   | 1 2 3 |  3.3
Summonings     | 1 2 |  2.3
Spellcasting   | 4 |  4.0
Dodging        | |  1.7
Stealth        | |  1.4
Translocations | |  0.8

Action                     |  1- 3 |  4- 6 || total
---------------------------+-------+-------++-------
  Melee: Dagger            |     3 |       ||     3
         Unarmed           |     6 |       ||     6
         Headbutt          |     1 |     2 ||     3
         Club              |     5 |    10 ||    15
   Cast: Magic Dart        |    80 |    77 ||   157
         Call Imp          |    12 |     9 ||    21
         Mephitic Cloud    |       |     2 ||     2
    Use: Scroll            |       |     7 ||     7
         Potion            |       |     2 ||     2
 Armour: Robe              |    28 |       ||    28
         Skin              |    27 |    20 ||    47
  Dodge: Dodged            |    29 |    12 ||    41

Table legend: (Time is in decaauts)
 A = Elapsed time spent in this place.
 B = Non-inter-level travel time spent in this place.
 C = Inter-level travel time spent in this place.
 D = Time resting spent in this place.
 E = Time spent auto-exploring this place.
 F = Levels seen in this place.
 G = Mean time per level.
                   A        B        C        D        E       F      G
               +--------+--------+--------+--------+--------+-----+--------+
         Total |   3740 |   3656 |     84 |    107 |   2826 |   3 | 1246.7 |
       Dungeon |   3740 |   3656 |     84 |    107 |   2826 |   3 | 1246.7 |
               +--------+--------+--------+--------+--------+-----+--------+

Top non-repeatable levels by time:
     D:2: 1793 daAuts
     D:1: 1599 daAuts
     D:3: 347 daAuts
